TOP OF THE 1ST |
Cincinnati Bearcats batting - Pitching for Illinois Fighting Illini : RHP Arnold Jacobson
|
Pitching: RHP Arnold Jacobson
|
|
Batting: RHB Phil Poole
|
0-0: Ball 1-0: SINGLE (Flyball, 9LS)
|
Batting: RHB Bradley Burns
|
0-0: Called Strike 0-1: Ball 1-1: Ball 2-1: Ball 3-1: Fly out, F7 (Flyball, 78M)
|
Batting: RHB Dave Jackson
|
0-0: Ball Phil Poole steals 2nd base 1-0: Ball 2-0: Foul Ball, location: 2F 2-1: Called Strike 2-2: Strikes out swinging
|
Batting: RHB Dave Richards
|
0-0: Foul Ball, location: 2F 0-1: Ball 1-1: Ball 2-1: Ball 3-1: Base on Balls
|
Batting: RHB Roberto Villela
|
0-0: Called Strike 0-1: Swinging Strike 0-2: Strikes out looking
|
Top of the 1st over - 0 run(s), 1 hit(s), 0 error(s), 2 left on base; Cincinnati 0 - Illinois 0 |
BOTTOM OF THE 1ST |
Illinois Fighting Illini batting - Pitching for Cincinnati Bearcats : LHP Carlos Cortéz
|
Pitching: LHP Carlos Cortéz
|
|
Batting: SHB Dale Winters
|
0-0: Foul Ball, location: 2F 0-1: Fly out, F9 (Flyball, 89M)
|
Batting: RHB Allen Brown
|
0-0: Ball 1-0: Ball 2-0: Foul Ball, location: 2F 2-1: Fly out, F8 (Flyball, 8LM)
|
Batting: SHB Frank Grant
|
0-0: Ball 1-0: Swinging Strike 1-1: Swinging Strike 1-2: Fly out, F9 (Flyball, 9M)
|
Bottom of the 1st over - 0 run(s), 0 hit(s), 0 error(s), 0 left on base; Cincinnati 0 - Illinois 0 |
TOP OF THE 2ND |
Cincinnati Bearcats batting - Pitching for Illinois Fighting Illini : RHP Arnold Jacobson
|
Batting: RHB Cipriano Baca
|
0-0: Called Strike 0-1: Ball 1-1: Ball 2-1: Ball 3-1: Swinging Strike 3-2: SINGLE (Line Drive, 89M)
|
Batting: SHB Mathew Olson
|
0-0: Ball 1-0: Ball 2-0: Ball 3-0: Called Strike 3-1: Grounds into double play, 1-4-3 (Groundball, 13)
|
Batting: RHB Ed Fuhrman
|
0-0: Ball 1-0: Ball 2-0: Ball 3-0: Called Strike 3-1: Base on Balls
|
Batting: RHB Henry Haines
|
0-0: Foul Ball, location: 2F 0-1: Foul Ball, location: 2F 0-2: Strikes out swinging
|
Top of the 2nd over - 0 run(s), 1 hit(s), 0 error(s), 1 left on base; Cincinnati 0 - Illinois 0 |
BOTTOM OF THE 2ND |
Illinois Fighting Illini batting - Pitching for Cincinnati Bearcats : LHP Carlos Cortéz
|
Batting: LHB Joe Alexander
|
0-0: Called Strike 0-1: Called Strike 0-2: Ball 1-2: Ball 2-2: Strikes out swinging
|
Batting: RHB Benoît Vigneault
|
0-0: Ball 1-0: Ground out 5-3 (Groundball, 5S)
|
Batting: LHB John Miller
|
0-0: Called Strike 0-1: Ball 1-1: Called Strike 1-2: SINGLE (Line Drive, 3D)
|
Batting: SHB Shannon Cline
|
0-0: Ball 1-0: Called Strike 1-1: SINGLE (Groundball, 25) (infield hit) John Miller to second
|
Batting: SHB Arturo García
|
0-0: Ball 1-0: Called Strike 1-1: Swinging Strike 1-2: Ball 2-2: Strikes out swinging
|
Bottom of the 2nd over - 0 run(s), 2 hit(s), 0 error(s), 2 left on base; Cincinnati 0 - Illinois 0 |
TOP OF THE 3RD |
Cincinnati Bearcats batting - Pitching for Illinois Fighting Illini : RHP Arnold Jacobson
|
Batting: RHB Phil Poole
|
0-0: Ball 1-0: Ball 2-0: Swinging Strike 2-1: Ball 3-1: Base on Balls
|
Batting: RHB Bradley Burns
|
0-0: Ball 1-0: Called Strike Phil Poole is caught stealing 2nd base 1-1: Called Strike 1-2: Ball 2-2: Foul Ball, location: 2F 2-2: Ball 3-2: Foul Ball, location: 2F 3-2: Fly out, F3 (Line Drive, 3S)
|
Batting: RHB Dave Jackson
|
0-0: Swinging Strike 0-1: Ground out 1-3 (Groundball, 15)
|
Top of the 3rd over - 0 run(s), 0 hit(s), 0 error(s), 0 left on base; Cincinnati 0 - Illinois 0 |
BOTTOM OF THE 3RD |
Illinois Fighting Illini batting - Pitching for Cincinnati Bearcats : LHP Carlos Cortéz
|
Batting: RHB Jon Foster
|
0-0: Called Strike 0-1: Ball 1-1: Foul Ball, location: 2F 1-2: Ground out 5-3 (Groundball, 56S)
|
Batting: SHB Dale Winters
|
0-0: Ball 1-0: Fly out, F8 (Flyball, 8LM)
|
Batting: RHB Allen Brown
|
0-0: Ball 1-0: Called Strike 1-1: Fly out, F8 (Flyball, 8RM)
|
Bottom of the 3rd over - 0 run(s), 0 hit(s), 0 error(s), 0 left on base; Cincinnati 0 - Illinois 0 |
TOP OF THE 4TH |
Cincinnati Bearcats batting - Pitching for Illinois Fighting Illini : RHP Arnold Jacobson
|
Batting: RHB Dave Richards
|
0-0: SINGLE (Groundball, 6D)
|
Batting: RHB Roberto Villela
|
0-0: Ball 1-0: Called Strike 1-1: Ball 2-1: Ball 3-1: Grounds into double play, 6-4-3 (Groundball, 6)
|
Batting: RHB Cipriano Baca
|
0-0: DOUBLE (Line Drive, 7LS)
|
Batting: SHB Mathew Olson
|
0-0: Foul Ball, location: 2F 0-1: Called Strike 0-2: Foul Ball, location: 2F 0-2: Foul Ball, location: 2F 0-2: Ball 1-2: SINGLE (Groundball, 13) (infield hit) Cipriano Baca to third
|
Batting: RHB Ed Fuhrman
|
0-0: Called Strike 0-1: Ball 1-1: Called Strike 1-2: Foul Ball, location: 2F 1-2: Ball 2-2: Foul Ball, location: 2F 2-2: Foul Ball, location: 2F 2-2: Ball 3-2: Fly out, F5 (Line Drive, 5D)
|
Top of the 4th over - 0 run(s), 3 hit(s), 0 error(s), 2 left on base; Cincinnati 0 - Illinois 0 |
BOTTOM OF THE 4TH |
Illinois Fighting Illini batting - Pitching for Cincinnati Bearcats : LHP Carlos Cortéz
|
Batting: SHB Frank Grant
|
0-0: Foul Ball, location: 2F 0-1: Foul Ball, location: 2F 0-2: Foul Ball, location: 2F 0-2: Strikes out swinging
|
Batting: LHB Joe Alexander
|
0-0: Ball 1-0: DOUBLE (Groundball, 3L)
|
Batting: RHB Benoît Vigneault
|
0-0: Called Strike Joe Alexander steals 3rd base 0-1: Ground out 4-3 (Groundball, 4) Joe Alexander scores
|
Batting: LHB John Miller
|
0-0: Ball 1-0: Swinging Strike 1-1: Fly out, F5 (Popup, 5SF)
|
Bottom of the 4th over - 1 run(s), 1 hit(s), 0 error(s), 0 left on base; Cincinnati 0 - Illinois 1 |
TOP OF THE 5TH |
Cincinnati Bearcats batting - Pitching for Illinois Fighting Illini : RHP Arnold Jacobson
|
Batting: RHB Henry Haines
|
0-0: Called Strike 0-1: Foul Ball, location: 2F 0-2: Ball 1-2: Strikes out swinging
|
Pitching: RHP Pedro Luque
|
|
Batting: RHB Phil Poole
|
0-0: Ball 1-0: Called Strike 1-1: Fly out, F9 (Flyball, 9LM)
|
Batting: RHB Bradley Burns
|
0-0: Foul Ball, location: 2F 0-1: Ball 1-1: Swinging Strike 1-2: Ball 2-2: Fly out, F7 (Line Drive, 78S)
|
Top of the 5th over - 0 run(s), 0 hit(s), 0 error(s), 0 left on base; Cincinnati 0 - Illinois 1 |
BOTTOM OF THE 5TH |
Illinois Fighting Illini batting - Pitching for Cincinnati Bearcats : LHP Carlos Cortéz
|
Batting: SHB Shannon Cline
|
0-0: Ball 1-0: Fly out, F8 (Line Drive, 8LD)
|
Batting: SHB Arturo García
|
0-0: Bunted foul 0-1: Ball 1-1: Swinging Strike 1-2: Ball 2-2: Foul Ball, location: 2F 2-2: Ball 3-2: Foul Ball, location: 2F 3-2: Foul Ball, location: 2F 3-2: SINGLE (Flyball, 8LS)
|
Batting: RHB Jon Foster
|
0-0: Called Strike 0-1: Ball 1-1: Ball 2-1: Called Strike 2-2: Foul Ball, location: 2F 2-2: Foul Ball, location: 2F 2-2: Ball 3-2: Base on Balls Arturo García to second
|
Batting: SHB Dale Winters
|
0-0: Swinging Strike 0-1: Foul Ball, location: 2F 0-2: DOUBLE (Flyball, 8LD) Arturo García scores Jon Foster to third
|
Batting: RHB Allen Brown
|
0-0: Ball 1-0: Called Strike 1-1: Foul Ball, location: 2F 1-2: Fly out, F5 (Line Drive, 5) 1-2: Fly out, F5 (Line Drive, 5)
|
Batting: SHB Frank Grant
|
0-0: Fly out, F9 (Flyball, 8RM)
|
Bottom of the 5th over - 1 run(s), 2 hit(s), 0 error(s), 2 left on base; Cincinnati 0 - Illinois 2 |
TOP OF THE 6TH |
Cincinnati Bearcats batting - Pitching for Illinois Fighting Illini : RHP Pedro Luque
|
Batting: RHB Dave Jackson
|
0-0: Swinging Strike 0-1: Foul Ball, location: 2F 0-2: Strikes out swinging
|
Batting: RHB Dave Richards
|
0-0: Ball 1-0: Ball 2-0: Foul Ball, location: 2F 2-1: Ball 3-1: Base on Balls
|
Batting: RHB Roberto Villela
|
0-0: Swinging Strike 0-1: Ball 1-1: Ball 2-1: Ground out 3-1 (Groundball, 34) Dave Richards to second
|
Batting: RHB Cipriano Baca
|
0-0: Called Strike 0-1: Fly out, F7 (Line Drive, 7M)
|
Top of the 6th over - 0 run(s), 0 hit(s), 0 error(s), 1 left on base; Cincinnati 0 - Illinois 2 |
BOTTOM OF THE 6TH |
Illinois Fighting Illini batting - Pitching for Cincinnati Bearcats : LHP Carlos Cortéz
|
Batting: LHB Joe Alexander
|
0-0: Swinging Strike 0-1: SINGLE (Line Drive, 34)
|
Batting: RHB Benoît Vigneault
|
0-0: Ball 1-0: Fly out, F8 (Flyball, 8LM)
|
Pitching: RHP Gerald Fullwood
|
|
Batting: LHB John Miller
|
0-0: Ball 1-0: Foul Ball, location: 2F 1-1: Ball 2-1: Grounds into double play, 6-4-3 (Groundball, 6)
|
Bottom of the 6th over - 0 run(s), 1 hit(s), 0 error(s), 0 left on base; Cincinnati 0 - Illinois 2 |
TOP OF THE 7TH |
Cincinnati Bearcats batting - Pitching for Illinois Fighting Illini : RHP Pedro Luque
|
Batting: SHB Mathew Olson
|
0-0: Ball 1-0: Foul Ball, location: 2F 1-1: Ground out 4-3 (Groundball, 34)
|
Pitching: RHP Miguel Sotelo
|
|
Batting: RHB Ed Fuhrman
|
0-0: Swinging Strike 0-1: Swinging Strike 0-2: Foul Ball, location: 2F 0-2: Strikes out looking
|
Batting: RHB Henry Haines
|
0-0: Fly out, F9 (Flyball, 9M)
|
Top of the 7th over - 0 run(s), 0 hit(s), 0 error(s), 0 left on base; Cincinnati 0 - Illinois 2 |
BOTTOM OF THE 7TH |
Illinois Fighting Illini batting - Pitching for Cincinnati Bearcats : RHP Gerald Fullwood
|
Batting: SHB Shannon Cline
|
0-0: Fly out, F7 (Flyball, 78M)
|
Batting: SHB Arturo García
|
0-0: Called Strike 0-1: Foul Ball, location: 2F 0-2: Strikes out swinging
|
Batting: RHB Jon Foster
|
0-0: Called Strike 0-1: Ball 1-1: Foul Ball, location: 2F 1-2: Ball 2-2: Ball 3-2: Foul Ball, location: 2F 3-2: Foul Ball, location: 2F 3-2: Foul Ball, location: 2F 3-2: Fly out, F3 (Popup, 3DF)
|
Bottom of the 7th over - 0 run(s), 0 hit(s), 0 error(s), 0 left on base; Cincinnati 0 - Illinois 2 |
TOP OF THE 8TH |
Cincinnati Bearcats batting - Pitching for Illinois Fighting Illini : RHP Miguel Sotelo
|
Batting: RHB Phil Poole
|
0-0: Ball 1-0: Ball 2-0: Called Strike 2-1: Ball 3-1: Called Strike 3-2: Strikes out swinging
|
Batting: RHB Bradley Burns
|
0-0: Fly out, F6 (Popup, 6M)
|
Batting: RHB Dave Jackson
|
0-0: Swinging Strike 0-1: Called Strike 0-2: Ball 1-2: SINGLE (Line Drive, 4MD)
|
Pitching: RHP Terence Wilson
|
|
Batting: RHB Dave Richards
|
0-0: Foul Ball, location: 2F 0-1: Ball 1-1: Ball 2-1: Ball 3-1: SINGLE (Line Drive, 56D) Dave Jackson to second
|
Batting: RHB Roberto Villela
|
0-0: Ball 1-0: Foul Ball, location: 2F 1-1: Ball 2-1: Foul Ball, location: 2F 2-2: Ball 3-2: Strikes out looking
|
Top of the 8th over - 0 run(s), 2 hit(s), 0 error(s), 2 left on base; Cincinnati 0 - Illinois 2 |
BOTTOM OF THE 8TH |
Illinois Fighting Illini batting - Pitching for Cincinnati Bearcats : RHP Gerald Fullwood
|
Batting: SHB Dale Winters
|
0-0: Foul Ball, location: 2F 0-1: Ball 1-1: Called Strike 1-2: Foul Ball, location: 2F 1-2: Ball 2-2: Ball 3-2: SINGLE (Groundball, 56D)
|
Batting: RHB Allen Brown
|
0-0: Ball 1-0: Sac Bunt - play at first, batter OUT! 1-4 Dale Winters to second
|
Batting: SHB Frank Grant
|
0-0: Intentional Walk
|
Pitching: RHP Rudy England
|
|
Batting: LHB Joe Alexander
|
0-0: Called Strike Dale Winters steals 3rd base Frank Grant to second 0-1: Called Strike 0-2: Ball 1-2: Strikes out swinging
|
Batting: RHB Benoît Vigneault
|
0-0: Called Strike 0-1: Fly out, F2 (Popup, 2RF)
|
Bottom of the 8th over - 0 run(s), 1 hit(s), 0 error(s), 2 left on base; Cincinnati 0 - Illinois 2 |
TOP OF THE 9TH |
Cincinnati Bearcats batting - Pitching for Illinois Fighting Illini : RHP Terence Wilson
|
Pitching: RHP Joe Smith
|
|
Batting: RHB Cipriano Baca
|
0-0: Fly out, F5 (Line Drive, 56)
|
Batting: SHB Mathew Olson
|
0-0: Called Strike 0-1: Called Strike 0-2: Strikes out looking
|
Batting: RHB Ed Fuhrman
|
0-0: Ball 1-0: Ball 2-0: Called Strike 2-1: Swinging Strike 2-2: Ball 3-2: Foul Ball, location: 2F 3-2: Base on Balls
|
Pinch Hitting: RHB Dave Sawyer
|
0-0: Ground out 3-1 (Groundball, 34)
|
Top of the 9th over - 0 run(s), 0 hit(s), 0 error(s), 1 left on base; Cincinnati 0 - Illinois 2 |
|